 Dungeon Crawl Stone Soup version 0.30-a0-576-g89cddaab80 (webtiles) character file.

Game seed: 15253138704802483762

4139 cforsyth the Grappler (level 10, -5/94 HPs)
             Began as a Ghoul Monk on Dec 31, 2022.
             Was a Priest of Okawaru.
             Slain by a troll (6 damage)
             ... on level 9 of the Dungeon.
             The game lasted 00:12:35 (9291 turns).

cforsyth the Grappler (Ghoul Monk)                  Turns: 9291, Time: 00:12:36

Health: -5/94      AC: 15    Str: 20    XL:     10   Next: 27%
Magic:  9/9        EV:  7    Int:  5    God:    Okawaru [***...]
Gold:   379        SH:  0    Dex: 11    Spells: 9/9 levels left

rFire   . . .      SeeInvis +      - Unarmed
rCold   + . .      Faith    .    (no shield)
rNeg    + + +      Spirit   .    c - +0 plate armour
rPois   ∞          Reflect  .    h - +0 helmet {SInv}
rElec   .          Harm     .    l - +0 cloak
rCorr   .          Rampage  .    (no gloves)
Will    .....                    (no boots) Stlth
                                 (no amulet)
HPRegen 0.00/turn                (no ring)
MPRegen 0.11/turn                (no ring)

@: inhibited regen
A: claws 1, cold resistance 1, negative energy resistance 3, inhibited
regeneration, torment resistance 2, devour on kill
a: Renounce Religion, Heroism


You were on level 9 of the Dungeon.
You worshipped Okawaru.
Okawaru was most pleased with you.
You visited 2 branches of the dungeon, and saw 10 of its levels.
You also visited: Ossuary.

You collected 379 gold pieces.

Inventory:

Armour
 c - a +0 plate armour (worn)
 h - a +0 helmet of see invisible (worn)
 l - a +0 cloak (worn)
Jewellery
 d - a ring of magical power
 e - a ring of see invisible
Wands
 g - a wand of paralysis (10)
 v - a wand of flame (57)
 w - a wand of light (12)
Scrolls
 a - a scroll of fog
 k - a scroll of enchant armour {unknown}
 o - a scroll of magic mapping
 q - 2 scrolls of vulnerability
 r - 3 scrolls of identify
 s - 2 scrolls of brand weapon {unknown}
 u - a scroll of amnesia {unknown}
 x - a scroll of teleportation {unknown}
Potions
 b - a potion of ambrosia
 f - a potion of brilliance
 i - 6 potions of curing
 j - a potion of heal wounds
 m - a potion of cancellation {unknown}
 n - 3 potions of might
 p - a potion of resistance
 t - 4 potions of attraction {unknown}


   Skills:
 + Level 10.5 Fighting
 + Level 6.1 Armour
 - Level 2.6 Dodging
 - Level 2.1 Stealth
 + Level 10.6 Unarmed Combat


You had 9 spell levels left.
You didn't know any spells.
Your spell library contained the following spells:

 Spells                   Type           Power      Damage    Failure   Level
 Freeze                   Ice            0%         1d3       100%        1
 Magic Dart               Conj           0%         1d3       100%        1
 Shock                    Conj/Air       0%         1d3       100%        1
 Frozen Ramparts          Ice            0%         1d1       100%        3
 Hailstorm                Conj/Ice       0%         3d3       100%        3
 Mephitic Cloud           Conj/Pois/Air  0%         N/A       100%        3
 Portal Projectile        Hex/Tloc       0%         N/A       100%        3
 Swiftness                Air            0%         N/A       100%        3
 Airstrike                Air            0%         2d(0-16)  100%        4
 Leda's Liquefaction      Hex/Erth       0%         N/A       100%        4
 Call Imp                 Summ           Unusable   N/A       N/A         2
 Sublimation of Blood     Necr           Unusable   N/A       N/A         2
 Wereblood                Tmut           Unusable   N/A       N/A         2
 Call Canine Familiar     Summ           Unusable   N/A       N/A         3
 Summon Hydra             Summ           Unusable   N/A       N/A         7

Dungeon Overview and Level Annotations

Branches:
Dungeon (9/15)             Temple (1/1) D:6         Ossuary (visited)
   Lair: D:8-11         Orc: D:9-12

Altars:
Ashenzari
Cheibriados
Dithmenos
Fedhas
Hepliaklqana
Makhleb
Nemelex Xobeh
Okawaru
Qazlal
Sif Muna
Trog
Uskayaw
Vehumet
Xom
Yredelemnul

Shops:
D:6 :

Portals:
Abyss: D:7

Annotations:
D:3 1 runed translucent door, Crazy Yiuf
D:4 2 transporters, Bacu's ghost, novice DrTm
D:7 2 transporters, bchevrier's ghost, novice GnWn


Innate Abilities, Weirdness & Mutations

You are immune to poison.
You have sharp fingernails.
Your flesh is cold resistant. (rC+)
You are immune to negative energy. (rN+++)
You do not regenerate when monsters are visible.
You are immune to unholy pain and torment.
You thrive by killing the living.


Message History

Okay, then.
Unknown command.
You feel much better. The gnoll barely misses you.
The troll closely misses you. The troll claws you.
The troll claws you but does no damage.
Unknown command.
You rip the net and break free!
The gnoll sergeant hits you from afar with a +7 spear of freezing.
The gnoll hits you but does no damage. x3
The troll bites you but does no damage. The troll claws you but does no damage.
The troll barely misses you. The gnoll attacks as you move away!
The gnoll hits you with a +0 club. The troll attacks as you move away!
The troll bites you.
* * * LOW HITPOINT WARNING * * *
The troll claws you but does no damage. The troll barely misses you.
The troll attacks as you move away! The troll bites you.
* * * LOW HITPOINT WARNING * * *
The troll barely misses you. The troll claws you but does no damage.
The troll attacks as you move away! The troll bites you.
* * * LOW HITPOINT WARNING * * *
The troll claws you!
* * * LOW HITPOINT WARNING * * *
The troll claws you!
* * * LOW HITPOINT WARNING * * *
You feel much better. The troll bites you but does no damage.
The troll claws you but does no damage. The troll claws you!
* * * LOW HITPOINT WARNING * * *
The troll attacks as you move away! The troll bites you but does no damage.
The troll claws you!
* * * LOW HITPOINT WARNING * * *
The troll claws you!
* * * LOW HITPOINT WARNING * * *
There is a stone staircase leading up here.
Okay, then.
Unknown command.
The gnoll sergeant hits you from afar with a +7 spear of freezing.
* * * LOW HITPOINT WARNING * * *
The gnoll hits you but does no damage. The troll barely misses you.
The troll claws you.
You die...

#. ##.. #### .....
#####@.###
.....##.#..T...#
.....#...gggg##.#
#.......g...##
#.......g...#
.####.....#..#..#
.......#..#..#..#
....#.......###..#
....#..$.........#


You could see a troll, a gnoll sergeant and 5 gnolls.

Vanquished Creatures
  Joseph (D:7)
  A hornet (D:8)
  A steam dragon (D:7)
  An orc warrior (D:7)
  A black bear (D:5)
  2 sky beasts
  3 ice beasts
  2 ogres
  3 centaurs
  3 bullfrogs
  2 necrophages
  Blork the orc (D:4)
  A scorpion (D:6)
  7 wights
  6 water moccasin zombies (Ossuary)
  7 killer bees
  A howler monkey (D:6)
  A crimson imp (D:5)
  2 hounds
  3 jellies
  9 orc priests
  An iguana (D:4)
  9 orc wizards
  2 mummies (Ossuary)
  3 gnolls (D:2)
  6 adders
  4 ufetubi
  2 adder zombies (Ossuary)
  A worm (D:2)
  2 dart slugs
  36 orcs
  7 ball pythons
  7 endoplasms
  3 giant cockroaches
  13 goblins
  8 hobgoblins
  4 jackals
  5 kobolds
  6 bats
  2 frilled lizards
  2 gnoll zombies (Ossuary)
  3 hobgoblin zombies (Ossuary)
  3 kobold zombies (Ossuary)
  6 orc zombies (Ossuary)
  4 rats
197 creatures vanquished.

Vanquished Creatures (others)
  6 plants (D:4)
6 creatures vanquished.

Grand Total: 203 creatures vanquished

Notes
Turn   | Place    | Note
-------+----------+-------------------------------------------
     0 | D:1      | cforsyth the Ghoul Monk began the quest for the Orb.
     0 | D:1      | Reached XP level 1. HP: 19/19 MP: 0/0
   115 | D:1      | Reached XP level 2. HP: 26/26 MP: 1/1
   936 | D:2      | Reached XP level 3. HP: 33/33 MP: 2/2
  1288 | D:2      | Reached XP level 4. HP: 32/41 MP: 3/3
  1722 | D:3      | Reached XP level 5. HP: 47/47 MP: 4/4
  1741 | D:3      | Reached skill level 5 in Unarmed Combat
  1780 | D:3      | Found a bloodstained altar of Trog.
  1811 | D:3      | Noticed an ogre
  1813 | D:3      | Reached skill level 5 in Fighting
  2284 | D:4      | Reached XP level 6. HP: 27/57 MP: 5/5
  2305 | D:4      | Found a sand-covered staircase.
  2311 | Ossuary  | Entered an ossuary
  2570 | Ossuary  | Reached XP level 7. HP: 30/64 MP: 6/6
  3369 | D:4      | Noticed Blork the orc
  3382 | D:4      | Killed Blork the orc
  3483 | D:4      | Found a hazy altar of Hepliaklqana.
  3551 | D:4      | Found a transporter.
  3623 | D:4      | Reached XP level 8. HP: 73/73 MP: 7/7
  3718 | D:4      | Found a transporter.
  3719 | D:4      | Identified the +6 halberd "Death Rattle" {vamp, rElec rF+
                  | Str+4 Dex-2}
  4019 | D:5      | Entered Level 5 of the Dungeon
  4120 | D:5      | Reached skill level 1 in Armour
  4574 | D:5      | Found a burning altar of Makhleb.
  5401 | D:3      | Found a runed translucent door.
  5402 | D:3      | Noticed Crazy Yiuf
  5681 | D:4      | Noticed Bacu's ghost (novice DrTm)
  5847 | D:6      | Reached XP level 9. HP: 77/82 MP: 8/8
  5900 | D:6      | Found a staircase to the Ecumenical Temple.
  5921 | Temple   | Entered the Ecumenical Temple
  5981 | Temple   | Became a worshipper of Warmaster Okawaru
  5981 | Temple   | Reached * piety under Okawaru
  5981 | Temple   | Reached ** piety under Okawaru
  6372 | D:6      | Found Hikijuh's Book Shoppe.
  6442 | D:6      | Found a shimmering altar of Xom.
  6658 | D:6      | Found a basalt altar of Yredelemnul.
  6748 | D:7      | Noticed a +0 dagger
  6748 | D:7      | Noticed a +0 dagger
  6751 | D:7      | Found a hide-covered altar of Uskayaw.
  6785 | D:7      | Found a transporter.
  6923 | D:7      | Found a transporter.
  6958 | D:7      | Found a one-way gate to the infinite horrors of the Abyss.
  6958 | D:7      | Noticed bchevrier's ghost (novice GnWn)
  7748 | D:7      | Noticed Joseph
  7752 | D:7      | Reached skill level 5 in Armour
  7762 | D:7      | Killed Joseph
  7762 | D:7      | Reached *** piety under Okawaru
  7763 | D:7      | Reached skill level 10 in Unarmed Combat
  7934 | D:7      | Reached skill level 10 in Fighting
  8174 | D:8      | Found a radiant altar of Vehumet.
  8181 | D:8      | Reached XP level 10. HP: 84/93 MP: 9/9
  9288 | D:9      | HP: 2/94 [troll (8)]
  9291 | D:9      | Slain by a troll

Illustrated notes

Levels and vault maps discovered:
D:1:      elethiomel_arrival_infinity_welcomes_careful_drivers, layout_basic,
          serial_bayou_lagoon_a
D:2:      layout_loops_ring
D:3:      layout_loops_ring, elyvilon_altar_3,
          mainiacjoe_overflow_six_doors_small, st_stairs_12,
          minmay_ogre_servants, uniq_crazy_yiuf_cottage
D:4:      layout_basic, nicolae_hepliaklqana_hazy_memory,
          nicolae_ossuary_entry_plus, gammafunk_ghost_gnarly_gnolls,
          kennysheep_cross_room, uniq_blork_the_orc
D:5:      layout_loops_cross, makhleb_grotto_becter, dk_noncrumbling_4
D:6:      layout_layer_cave, mainiacjoe_overflow_big_doors,
          minmay_temple_entry_statues_fountains, st_stairs_11,
          kennysheep_small_square
D:7:      layout_loops_ring, dancing_weapons_uskayaw,
          gammafunk_ghost_abyssal_escape, serial_rivers,
          chequers_serial_rivers_large_b, chequers_serial_rivers_micro_c,
          chequers_serial_rivers_small_b, chequers_serial_rivers_small_b,
          chequers_serial_rivers_small_3, uniq_joseph
D:8:      layout_basic, vehumet_altar_wand_db
D:9:      layout_cave_pools, nicolae_kikubaaqudgha_miasma_corner
Temple:   nicolae_temple_godzebo

Skill      XL: |  1  2  3  4  5  6  7  8  9 10 |
---------------+-------------------------------+-----
Fighting       | 4 5 6 7 8 10 | 10.5
Unarmed Combat | 4 5 6 7 8 10 | 10.6
Armour         | 3 5 6 |  6.1
Dodging        | |  2.6
Stealth        | |  2.1

Action                   |  1- 3 |  4- 6 |  7- 9 | 10-12 || total
-------------------------+-------+-------+-------+-------++-------
Melee: Unarmed           |    91 |    83 |   405 |    95 ||   674
       Punch             |     2 |     4 |    10 |     7 ||    23
  Use: Scroll            |       |     3 |    11 |       ||    14
       Potion            |       |       |     4 |     2 ||     6
 Stab: Sleeping          |     4 |     6 |     1 |       ||    11
Armor: Robe              |    17 |    10 |    15 |       ||    42
       Plate armour      |       |       |   200 |   117 ||   317
Dodge: Dodged            |    48 |    47 |   125 |    61 ||   281

Table legend: (Time is in decaauts)
 A = Elapsed time spent in this place.
 B = Non-inter-level travel time spent in this place.
 C = Inter-level travel time spent in this place.
 D = Time resting spent in this place.
 E = Time spent auto-exploring this place.
 F = Levels seen in this place.
 G = Mean time per level.
                   A        B        C        D        E       F      G
               +--------+--------+--------+--------+--------+-----+--------+
         Total |   9241 |   8712 |    529 |   1464 |   5731 |  11 |  840.1 |
       Dungeon |   8157 |   7649 |    508 |    707 |   5594 |   9 |  906.3 |
        Temple |     81 |     60 |     21 |      0 |     51 |   1 |   81.0 |
       Ossuary |   1002 |   1002 |      0 |    757 |     86 |   1 | 1002.0 |
               +--------+--------+--------+--------+--------+-----+--------+

Top non-repeatable levels by time:
     D:6: 1341 daAuts
     D:7: 1145 daAuts
     D:3: 1037 daAuts
 Ossuary: 1002 daAuts
     D:4: 984 daAuts
     D:8: 926 daAuts
     D:1: 921 daAuts
     D:5: 917 daAuts
     D:2: 850 daAuts
  Temple: 81 daAuts
     D:9: 32 daAuts
